 Dungeon Crawl Stone Soup version 0.27.1-34-g3ba077fa99 (webtiles) character file.

Game seed: 13786717080216409257

1695 eruditious the Shield-Bearer (level 9, 71/71 HPs)
             Began as a Formicid Fighter on Jan 16, 2022.
             Was a Follower of Nemelex Xobeh.
             Quit the game on level 3 of the Dungeon.
             The game lasted 00:47:48 (6657 turns).

eruditious the Shield-Bearer (Formicid Fighter)     Turns: 6657, Time: 00:47:48

Health: 71/71      AC: 16    Str: 28    XL:     9   Next: 22%
Magic:  9/9        EV:  7    Int: 10    God:    Nemelex Xobeh [*.....]
Gold:   403        SH: 11    Dex: 10    Spells: 8/8 levels left

rFire    . . .     SeeInvis +   b - +4 battleaxe (freeze)
rCold    . . .     Faith    .   c - +0 kite shield
rNeg     . . .     Spirit   .   t - +0 plate armour
rPois    .         Reflect  .   (helmet unavailable)
rElec    .         Harm     .   (no cloak)
rCorr    .         Rampage  .   v - +0 pair of gloves
Will     .....                  m - +1 pair of boots
Stlth    ..........             w - amulet of the acrobat
HPRegen  0.21/turn              o - +6 ring of strength
MPRegen  0.11/turn              (no ring)

@: no status effects
A: permanent stasis, dig shafts and tunnels, antennae 3, four strong arms
a: Dig, Shaft Self, Renounce Religion, Draw Escape, Draw Destruction, Draw
Summoning


You were on level 3 of the Dungeon.
You worshipped Nemelex Xobeh.
Nemelex Xobeh was aware of your devotion.
You visited 2 branches of the dungeon, and saw 7 of its levels.

You collected 403 gold pieces.

Inventory:

Hand Weapons
 b - a +4 battleaxe of freezing (weapon)
 h - a +1 battleaxe
 i - a +2 dagger of speed
 p - a +1 whip of flaming
Missiles
 f - 6 boomerangs (quivered)
 g - 21 bolts
 n - 8 curare-tipped darts
 s - 22 arrows
 u - 14 sling bullets
 x - 21 poisoned darts
 C - 4 silver javelins
Armour
 c - a +0 kite shield (worn)
 m - a +1 pair of boots (worn)
 t - a +0 plate armour (worn)
 v - a +0 pair of gloves (worn)
Jewellery
 o - a +6 ring of strength (left hand)
 w - an amulet of the acrobat (around neck)
Wands
 a - a wand of paralysis (5)
 d - a wand of flame (32)
 r - a wand of iceblast (11)
Scrolls
 j - 5 scrolls of identify
 y - a scroll of silence {unknown}
 B - a scroll of enchant weapon
Potions
 e - a potion of cancellation {unknown}
 k - a potion of invisibility {unknown}
 l - 2 potions of curing
 q - a potion of resistance {unknown}
 z - a potion of heal wounds {unknown}
 A - a potion of degeneration {unknown}


   Skills:
 + Level 6.5 Fighting
 + Level 5.6 Axes
 + Level 6.5 Armour
 + Level 7.2 Shields
 - Level 4.0 Evocations


You had 8 spell levels left.
You didn't know any spells.
Your spell library contained the following spells:

 Spells                   Type           Power      Damage    Failure   Level
 Slow                     Hex            0%         N/A       100%        2
 Call Canine Familiar     Summ           0%         N/A       100%        3
 Confusing Touch          Hex            0%         N/A       100%        3
 Portal Projectile        Hex/Tloc       0%         N/A       100%        3
 Vampiric Draining        Necr           0%         2d6       100%        3
 Leda's Liquefaction      Hex/Erth       0%         N/A       100%        4
 Blade Hands              Tmut           0%         N/A       100%        5
 Irradiate                Conj/Tmut      0%         3d13      100%        5
 Iskenderun's Battlesphe  Conj           0%         2d6       100%        5
 Iron Shot                Conj/Erth      0%         9d1       100%        6
 Dragon Form              Tmut           0%         N/A       100%        7
 Spellforged Servitor     Conj/Summ      0%         N/A       100%        7


Dungeon Overview and Level Annotations

Branches:
Dungeon (6/15)             Temple (1/1) D:6

Altars:
Ashenzari
Cheibriados
Elyvilon
Fedhas
Gozag
Hepliaklqana
Kikubaaqudgha
Makhleb
Nemelex Xobeh
Qazlal
Sif Muna
Trog
Uskayaw
Vehumet
Wu Jian
Yredelemnul
Zin
The Shining One

Shops:
D:2 (


Innate Abilities, Weirdness & Mutations

You cannot be hasted, slowed, berserked, paralysed or teleported.
You can dig through walls and to a lower floor.
You have a pair of large antennae on your head. (SInv)
Your four strong arms can wield two-handed weapons with a shield.


Message History

Done exploring.
Done exploring.
Done exploring.
Done exploring.
Search for what [Enter for "."]?
Search for what [Enter for "."]? alt You see here a +0 leather armour.
You open the door.
There is an open door here.
There is an open door here.
There is a stone staircase leading up here.
You climb upwards.
There is a stone staircase leading down here.
You see here a staff of air.
There is a stone staircase leading up here.
You climb upwards.
There is a stone staircase leading down here.
Things that are here:
a +0 robe; a +0 dagger
There is a stone staircase leading up here.
You see here a scroll of teleportation.
You climb upwards.
There is a stone staircase leading down here.
You enter the shallow water.
Moving in this stuff is going to be slow.
You enter the shallow water.
Moving in this stuff is going to be slow.
There is a faded altar of an unknown god here.
You cannot tell which god this altar belongs to.
Convert to them anyway?
Uppercase [Y]es or [N]o only, please.
You cannot tell which god this altar belongs to.
Convert to them anyway?
Nemelex Xobeh accepts your prayer! Nemelex Xobeh welcomes you!
You can now draw from decks of power.
Nemelex will now gift you decks of power as you gain piety.
Unknown command.
Press < or > to pray at altars.
Unknown command.
Press < or > to pray at altars.
Are you sure you want to abandon this character and quit the game? (Confirm with "yes".)

#........##.# #.# #####
#........##.# #.#
#........##.# #.#
#........##.###########.##
#.........#.##...........#
#......≈..≈.≈≈.≈.≈....#..#
####
###+###.###≈.....##≈≈≈...#
#... ##.###.≈8≈###≈###≈8≈.#..#
#... #.....≈≈≈..≈≈@..≈≈≈≈≈#..#
#...
#.....≈##≈≈≈≈..≈.###.#..###...
#.>..+..≈#≈.≈..≈.≈..≈.....'...
#....###≈≈≈..≈≈.≈#≈####.###...
#....# #≈≈#.≈≈.≈##≈####.# #...
#....# ##.##'''##≈≈)....# ####
#....# #.≈......≈.######
#....# ##.##.####.# ######
#....# #.#


There were no monsters in sight!

Vanquished Creatures
  Menkaure (D:6)
  2 ice beasts (D:6)
  2 black bears
  2 ogres
  2 scorpions
  A gnoll sergeant (D:6)
  5 wights (D:6)
  A howler monkey (D:5)
  6 hounds
  2 jellies
  A bullfrog skeleton (D:5)
  A centaur skeleton (D:6)
  An iguana (D:4)
  Jessica (D:3)
  Ijyb (D:3)
  An orc wizard (D:4)
  4 gnolls (D:6)
  A howler monkey skeleton (D:4)
  6 adders
  A white imp (D:6)
  An adder skeleton (D:4)
  A dart slug (D:2)
  4 orcs (D:4)
  5 ball pythons
  4 bats
  3 endoplasms
  5 giant cockroaches
  6 goblins
  9 hobgoblins
  6 kobolds
  3 quokkas
  8 frilled lizards
  10 rats
  A spectral goblin (D:3)
108 creatures vanquished.

Vanquished Creatures (others)
  A plant (D:6)
1 creature vanquished.

Grand Total: 109 creatures vanquished

Notes
Turn   | Place    | Note
-------+----------+-------------------------------------------
     0 | D:1      | eruditious the Formicid Fighter began the quest for the
                  | Orb.
     0 | D:1      | Reached XP level 1. HP: 18/18 MP: 1/1
   160 | D:1      | Reached XP level 2. HP: 22/24 MP: 2/2
   476 | D:1      | Reached XP level 3. HP: 29/29 MP: 3/3
   483 | D:1      | Reached skill level 4 in Shields
  1262 | D:2      | Reached XP level 4. HP: 37/37 MP: 4/4
  1966 | D:2      | Found Gogaxov's Weapon Shop.
  2365 | D:3      | Found a faded altar of an unknown god.
  2399 | D:3      | Noticed Ijyb
  2438 | D:3      | Killed Ijyb
  2439 | D:3      | Reached XP level 5. HP: 32/42 MP: 5/5
  2586 | D:3      | Noticed Jessica
  2595 | D:3      | Killed Jessica
  3092 | D:4      | Reached skill level 1 in Evocations
  3092 | D:4      | Reached XP level 6. HP: 48/49 MP: 6/6
  3124 | D:4      | Reached skill level 5 in Shields
  3125 | D:4      | Noticed a black bear
  3133 | D:4      | Killed a black bear
  3134 | D:4      | Reached XP level 7. HP: 46/55 MP: 7/7
  3960 | D:5      | Entered Level 5 of the Dungeon
  4058 | D:5      | Reached skill level 5 in Fighting
  4058 | D:5      | Reached skill level 5 in Armour
  4307 | D:5      | Reached XP level 8. HP: 50/62 MP: 8/8
  4716 | D:5      | Reached skill level 6 in Shields
  5036 | D:6      | Reached skill level 5 in Axes
  5435 | D:6      | Found a staircase to the Ecumenical Temple.
  5435 | D:6      | Noticed Menkaure
  5443 | Temple   | Entered the Ecumenical Temple
  5670 | D:6      | Killed Menkaure
  5694 | D:6      | Reached XP level 9. HP: 69/69 MP: 9/9
  5840 | D:6      | Reached skill level 7 in Shields
  6005 | D:6      | Found a bloodstained altar of Trog.
  6006 | D:6      | Found a basalt altar of Yredelemnul.
  6006 | D:6      | Found an ancient bone altar of Kikubaaqudgha.
  6656 | D:3      | Became a worshipper of Nemelex Xobeh the Trickster
  6656 | D:3      | Reached * piety under Nemelex Xobeh
  6657 | D:3      | Quit the game

Illustrated notes

Levels and vault maps discovered:
D:1:      minmay_arrival_split_and_join, layout_basic, minmay_hexomino_u4
D:2:      layout_loops_ring, serial_shops, shop, minmay_misc_feat_pillars,
          kennysheep_small_spiral
D:3:      layout_basic, dreamdust_ecumenical_altar_drowned_temple, uniq_ijyb,
          uniq_jessica
D:4:      layout_cave_pools, serial_glass, glass_columns_a, glass_columns_a,
          st_stairs_10
D:5:      layout_basic
D:6:      layout_loops_corners, grunt_temple_overflow_open,
          minmay_temple_entry_gardened_gates, hangedman_decor_lopped,
          fountainhead, minmay_puff, uniq_menkaure
Temple:   regret_index_temple_generic_petals

Skill      XL: |  1  2  3  4  5  6  7  8  9 |
---------------+----------------------------+-----
Shields        | 4 5 6 7 |  7.2
Fighting       | 4 5 6 |  6.5
Axes           | 3 4 5 |  5.6
Armour         | 4 5 6 |  6.5
Evocations     | 1 3 4 |  4.0

Action                   |  1- 3 |  4- 6 |  7- 9 || total
-------------------------+-------+-------+-------++-------
Melee: War axe           |    24 |       |       ||    24
       Battleaxe         |    41 |   118 |   120 ||   279
Throw: Boomerang         |    71 |    46 |    51 ||   168
  Use: Scroll            |       |     5 |     5 ||    10
       Potion            |       |     1 |       ||     1
Armor: Scale mail        |    25 |    40 |       ||    65
       Plate armour      |       |    23 |    71 ||    94
Dodge: Dodged            |    28 |    41 |    45 ||   114
Block: Kite shield       |    44 |    73 |    77 ||   194
